 Dungeon Crawl Stone Soup version 0.27.1-33-g824d729ab1 (webtiles) character file.

Game seed: 9477308733391461150

74 Destapler the Poker (level 4, -1/37 HPs)
             Began as a Merfolk Berserker on Dec 9, 2021.
             Was a Believer of Trog.
             Slain by a gnoll (6 damage)
             ... on level 2 of the Dungeon.
             The game lasted 00:02:11 (1827 turns).

Destapler the Poker (Merfolk Berserker)             Turns: 1827, Time: 00:02:12

Health: -1/37      AC:  2    Str: 17    XL:     4   Next: 30%
Magic:  4/4        EV: 13    Int:  6    God:    Trog [**....]
Gold:   44         SH:  0    Dex: 14    Spells: 3/3 levels left

rFire    . . .     SeeInvis .   a - +0 spear
rCold    . . .     Faith    .   (no shield)
rNeg     . . .     Spirit   .   b - +0 animal skin
rPois    .         Reflect  .   (no helmet)
rElec    .         Harm     .   (no cloak)
rCorr    .         Rampage  .   (no gloves)
Will     .....                  (no boots)
Stlth    +.........             (no amulet)
HPRegen  0.12/turn              (no ring)
MPRegen  0.09/turn              (no ring)

@: on berserk cooldown, slowed, very slow
A: (nimble swimmer 2), mertail
a: Renounce Religion, Berserk, Trog's Hand


You were on level 2 of the Dungeon.
You worshipped Trog.
Trog was pleased with you.
You visited 1 branch of the dungeon, and saw 2 of its levels.

You collected 44 gold pieces.

Inventory:

Hand Weapons
 a - a +0 spear (weapon)
 f - a +0 demon blade
Missiles
 d - a throwing net (quivered)
Armour
 b - a +0 animal skin (worn)
Scrolls
 c - 2 scrolls of noise
Potions
 e - 2 potions of flight {unknown}
 g - a potion of might {unknown}


   Skills:
 + Level 4.0 Fighting
 + Level 5.2 Polearms
 + Level 2.0 Armour
 + Level 3.7 Dodging


You had 3 spell levels left.
You didn't know any spells.
Your spell library contained the following spells:

 Spells                   Type           Power      Damage    Failure   Level
 Summon Small Mammal      Summ           0%         N/A       45%         1
 Call Canine Familiar     Summ           0%         N/A       83%         3
 Summon Guardian Golem    Hex/Summ       0%         N/A       83%         3


Dungeon Overview and Level Annotations

Branches:
Dungeon (2/15)

Altars:


Innate Abilities, Weirdness & Mutations

((You are quick and stealthy near water. (Stealth+, EV+, Speed+++)))
Your lower body shifts to a powerful aquatic tail in water.


Message History

You kill the gnoll!
Trog accepts your kill.
Your Armour skill increases to level 2!
You have reached level 4!
Reach: a) +0 spear
Press: ? - help, Dir - move target, f - gnoll
Aim: a gnoll, wielding a +0 club (about 32% to evade your +0 spear)
You closely miss the gnoll.
You are too berserk!
Reach: a) +0 spear
Press: ? - help, Dir - move target, f/p - gnoll
Aim: a gnoll, wielding a +0 club (about 32% to evade your +0 spear)
You hit the gnoll.
The gnoll is moderately wounded.
You feel a strong urge to attack something.
Press: ? - help, v - describe, . - travel
Here: a gnoll, wielding a +0 flail The floor.
You closely miss the gnoll.
The gnoll is moderately wounded.
You puncture the gnoll!
The gnoll is almost dead.
You are no longer berserk.
You are exhausted.
You feel yourself slow down. The gnoll barely misses you.
You closely miss the gnoll.
The gnoll is almost dead.
The gnoll hits you with a +0 club.
* * * LOW HITPOINT WARNING * * *
You hit the gnoll.
You kill the gnoll!
Trog accepts your kill.
Your Fighting skill increases to level 4!
You hit the gnoll.
The gnoll is moderately wounded.
The gnoll barely misses you. x2
You hit the gnoll.
The gnoll is heavily wounded.
The gnoll hits you with a +0 flail.
You die...

#........# ## #
#........ .#.####
#......#####.......
#........#......#
#........#)#......#
#........†.##...#.#
#........### #.##
#.##.###g# .#
#.##.###@# #
#.#...##.#
#.#.#.##.#
#.#...##.# ##
#.##.###.# ##.
#.#...##.# ####..
#.)......+ +.....
###...#### ####..
##.## ##.


You could see a gnoll.

Vanquished Creatures
  2 gnolls (D:2)
  An adder (D:2)
  A dart slug (D:1)
  5 bats
  5 endoplasms
  2 giant cockroaches (D:1)
  4 goblins
  5 hobgoblins
  4 kobolds
  A quokka (D:1)
  4 ball pythons
  2 frilled lizards (D:1)
  7 rats
43 creatures vanquished.

Notes
Turn   | Place    | Note
-------+----------+-------------------------------------------
     0 | D:1      | Destapler the Merfolk Berserker began the quest for the
                  | Orb.
     0 | D:1      | Reached XP level 1. HP: 18/18 MP: 1/1
   146 | D:1      | Reached XP level 2. HP: 23/24 MP: 2/2
   947 | D:1      | Reached XP level 3. HP: 29/29 MP: 3/3
  1163 | D:2      | Reached ** piety under Trog
  1466 | D:2      | Reached skill level 5 in Polearms
  1818 | D:2      | Reached XP level 4. HP: 11/37 MP: 4/4
  1827 | D:2      | Slain by a gnoll

Illustrated notes

Levels and vault maps discovered:
D:1:      shiori_shiawase, layout_loops_corners, hangedman_decor_lopped
D:2:      layout_loops_corners

Skill      XL: |  1  2  3  4 |
---------------+-------------+-----
Dodging        | 3 |  3.7
Polearms       | 5 |  5.2
Armour         | 2 |  2.0
Fighting       | 4 |  4.0

Action                   |  1- 3 |  4- 6 || total
-------------------------+-------+-------++-------
Melee: Spear             |   121 |     8 ||   129
Invok: Berserk           |     1 |       ||     1
  Use: Scroll            |     4 |       ||     4
 Stab: Sleeping          |     3 |       ||     3
Armor: Animal skin       |     9 |       ||     9
Dodge: Dodged            |    58 |     3 ||    61
